Map: Tokamak LE

Players

STZsOs (sOs)

  • Race: Protoss Protoss
  • League: Master
  • Spawn Location: 7:00

Krystianer - Winner!

  • Race: Protoss Protoss
  • League: Master
  • Spawn Location: 1:00

Event: FEL Cracov 2025

VOD

Have the link to the VOD?

Description

Time

  • Played on: July 27, 2025, 4:35 a.m.
  • Length: 8:01

All games in this series

Show
View Real Time Build Order
Export as new Build Order

STZsOs Protoss 

Build Orders: Phoenix Opening 

Get SALT Encoding   

  12  0:01  Probe  
  13  0:13  Probe  
  14  0:16  Pylon  
  14  0:24  Probe  
  15  0:32  Probe  
  15  0:37  Gateway  
  15  0:40  Probe  
  16  0:45  Assimilator  
  17  0:51  Probe  
  18  0:58  Pylon  
  18  0:59  Probe  
  19  1:05  Assimilator  
  19  1:08  Probe  
  19  1:18  Probe  
  20  1:24  Cybernetics Core  
  21  1:30  Probe  
  21  1:32  Zealot  
  24  1:42  Probe  
  25  1:54  Probe  
  26  2:01  Sentry  
  26  2:02  Warp Gate  
  26  2:05  Phoenix  
  28  2:09  Probe  
  28  2:13  Pylon  
  29  2:21  Stalker  
  29  2:22  Pylon  
  31  2:34  Nexus  
  31  2:41  Shield Battery  
  31  2:47  Phoenix  
  31  2:54  Stargate  
  31  3:00  Cybernetics Core  
  31  3:03  Probe  
  32  3:08  Stalker  
  33  3:17  Probe  
  34  3:25  Shield Battery  
  34  3:30  Shield Battery, Phoenix  
  34  3:32  Probe  
  37  3:45  Probe  
  38  3:48  Probe  
  38  3:51  Stalker  
  38  3:53  Phoenix  
  41  4:00  Shield Battery  
  41  4:07  Probe  
  41  4:13  Probe  
  41  4:16  Stalker  
  44  4:20  Phoenix  
  45  4:29  Probe  
  45  4:31  Probe  
  46  4:34  Robotics Facility  
  46  4:38  Probe  
  46  4:40  Stalker  
  49  4:47  Probe  
  49  4:50  Probe  
  51  5:00  Probe  
  51  5:02  Probe  
  53  5:08  Pylon  
  53  5:16  Probe  
  53  5:17  Probe  
  53  5:23  Observer  
  53  5:24  Probe  
  53  5:27  Stalker, Probe  
  56  5:35  Gateway, Probe  
  58  5:36  Probe  
  58  5:41  Pylon  
  60  5:50  Immortal, Probe  
  60  5:51  Assimilator, Probe  
  60  5:53  Pylon  
  66  6:04  Assimilator  
  66  6:08  Stalker  
  68  6:12  Probe x2  
  68  6:15  Forge, Twilight Council  
  70  6:20  Oracle  
  73  6:29  Immortal  
  77  6:37  Stalker  
  75  6:46  Stalker  
  75  6:55  Gateway  
  75  6:56  Gateway  
  75  6:59  Gateway  
  75  7:06  Pylon  
  75  7:07  Pylon  
  75  7:09  Stalker  
  75  7:12  Immortal  
  71  7:21  Probe x2  
  70  7:23  Stalker  
  70  7:35  Stalker  
  53  7:51  Stalker  
  53  7:58  Stalker  
Show
View Real Time Build Order
Export as new Build Order

Krystianer Protoss - Winner!

Build Orders: Oracle Opening 

Get SALT Encoding   

  12  0:00  Probe  
  13  0:12  Probe  
  14  0:17  Pylon  
  14  0:23  Probe  
  15  0:31  Probe  
  16  0:37  Gateway  
  16  0:39  Probe  
  16  0:46  Assimilator  
  17  0:50  Probe  
  17  0:55  Assimilator  
  18  0:59  Probe  
  19  1:08  Probe, Gateway  
  19  1:18  Probe  
  21  1:25  Cybernetics Core  
  21  1:30  Probe  
  22  1:37  Pylon  
  22  1:42  Probe  
  23  1:58  Pylon  
  23  2:01  Adept  
  23  2:02  Adept  
  23  2:03  Warp Gate  
  27  2:14  Pylon  
  27  2:21  Stargate  
  26  2:31  Adept  
  26  2:32  Adept  
  26  2:34  Probe  
  31  2:48  Pylon  
  31  2:54  Oracle  
  34  3:14  Probe  
  34  3:15  Nexus  
  35  3:22  Pylon  
  35  3:23  Oracle  
  38  3:38  Probe  
  39  3:51  Probe  
  40  3:58  Stalker  
  40  3:59  Twilight Council  
  40  4:01  Shield Battery  
  42  4:08  Probe  
  43  4:16  Probe  
  40  4:18  Blink  
  39  4:24  Probe  
  39  4:29  Stalker  
  39  4:30  Stalker  
  42  4:32  Probe  
  43  4:39  Probe  
  43  4:44  Probe  
  45  4:51  Probe  
  44  4:55  Stalker  
  44  4:56  Stalker  
  44  4:58  Probe  
  47  5:06  Gateway, Probe  
  48  5:12  Probe  
  49  5:18  Probe  
  49  5:20  Stalker x2  
  54  5:24  Probe  
  54  5:27  Pylon  
  56  5:38  Probe  
  57  5:42  Stalker  
  57  5:43  Stalker  
  60  5:52  Nexus  
  60  5:55  Probe x2  
  57  6:04  Stalker  
  58  6:05  Stalker  
  58  6:07  Probe x2  
  58  6:10  Stalker  
  62  6:19  Probe x2  
  62  6:20  Pylon  
  64  6:31  Probe  
  64  6:36  Stalker x3  
  64  6:38  Probe  
  71  6:43  Probe  
  70  6:49  Probe  
  70  6:50  Forge  
  70  6:51  Pylon  
  71  6:56  Probe  
  71  6:59  Stalker x2  
  71  7:00  Probe x2  
  71  7:01  Stalker  
  78  7:08  Probe  
  81  7:09  Probe  
  81  7:10  Probe  
  74  7:21  Gateway  
  71  7:23  Gateway  
  71  7:27  Stalker x3  
  71  7:28  Probe  
  78  7:35  Probe  
  75  7:43  Probe  
  71  7:46  Probe  
  71  7:47  Probe  
  71  7:50  Stalker x2  
  75  7:56  Stalker  
Tags
 
Add a new tag
Caveats
  • Supply blocks, unpowered buildings, or Contaminate may cause inaccurate times.
  • Supply counts are checked every 10 seconds.